 Dungeon Sprint DCSS version 0.22.1-2-g9c5b331383 (webtiles) character file.

1173 Nattfarinn the Unseen (level 8, -2/52 HPs)
             Began as a Vampire Enchanter on Nov 28, 2018.
             Was an Initiate of Dithmenos.
             Slain by a deep troll (6 damage)
             ... in the Dungeon (Sprint I: "Red Sonja").
             The game lasted 00:03:15 (3081 turns).

Nattfarinn the Unseen (Vampire Enchanter)           Turns: 3081, Time: 00:03:16

Health: -2/52      AC:  2    Str:  7    XL:     8   Next: 18%
Magic:  18/23      EV: 13    Int: 17    God:    Dithmenos [......]
Gold:   364        SH:  0    Dex: 17    Spells: 23/30 levels left

rFire    . . .     SeeInvis +   d - +0 short sword (venom)
rCold    + + .     Gourm    .   (no shield)
rNeg     + + +     Faith    .   b - +0 robe
rPois    ∞         Spirit   .   (no helmet)
rElec    .         Reflect  .   (no cloak)
rCorr    .         Harm     .   (no gloves)
MR       .....     NoTele   +   (no boots)
Stlth    ++++++++..             (no amulet)
HPRegen  0.00/turn              (no ring)
MPRegen  0.18/turn              (no ring)

@: bloodless, non-regenerating
A: fangs 3, see invisible, unbreathing
a: Bat Form, Renounce Religion


You were in the Dungeon.
You worshipped Dithmenos.
Dithmenos was noncommittal.
You were bloodless.

You visited 1 branch You collected 364 gold pieces.

Inventory:

Hand Weapons
 a - a +1 dagger
 d - a +0 short sword of venom (weapon)
Armour
 b - a +0 robe (worn)
Scrolls
 j - a scroll of blinking
Potions
 c - a potion of experience {unknown}
 h - 2 potions of magic
 i - a potion of berserk rage
 q - a potion of blood


   Skills:
 - Level 1.1 Short Blades
 - Level 2.1 Dodging
 + Level 16.5 Stealth
 * Level 11.7 Spellcasting
 - Level 10.1 Hexes


You had 23 spell levels left.
You knew the following spells:

 Your Spells              Type           Power        Failure   Level  Hunger
a - Corona                Hex            #####..      1%          1    None
b - Confuse               Hex            #####...     1%          3    None
c - Tukima's Dance        Hex            #####...     1%          3    None

Your spell library contained the following spells:

 Spells                   Type           Power        Failure   Level  Hunger
 Ensorcelled Hibernation  Hex/Ice        ####..       1%          2    None
 Dazzling Spray           Conj/Hex       ####..       2%          3    None


Dungeon Overview and Level Annotations

Branches:
Dungeon (1/1)

Altars:
Cheibriados
Dithmenos
Elyvilon
Fedhas
Gozag
Hepliaklqana
Kikubaaqudgha
Makhleb
Nemelex Xobeh
Okawaru
Qazlal
Ru
Sif Muna
Trog
Uskayaw
Vehumet
Wu Jian
Xom
Yredelemnul
Zin
The Shining One
Jiyva
Lugonu

Shops:
D *


Innate Abilities, Weirdness & Mutations

You do not heal naturally.
You are immune to poison.
You have razor-sharp teeth.
You have supernaturally acute eyesight. (SInv)
You can survive without breathing.


Message History

Aiming: Confuse (safe; 1% risk of failure)
Press: ? - help, Shift-Dir - straight line, f/p - deep troll
Aim: a deep troll (chance to defeat MR: 51%)
The deep troll appears confused.
The deep troll barely misses you. The deep troll claws you! x2
* * * LOW HITPOINT WARNING * * *
You hit the deep troll but do no damage.
The deep troll is poisoned.
You see here 27 gold pieces.
You hit the deep troll.
The deep troll looks as sick as possible!
You bite the deep troll, but do no damage.
The deep troll is lightly wounded.
You see here 27 gold pieces.
You barely miss the deep troll.
The deep troll is lightly wounded.
The deep troll bites you!
* * * LOW HITPOINT WARNING * * *
The deep troll claws you.
You die...

.#####+#####'#__#
.#### #...#[####
.#__####..##.#
.#_____##'#_.+
⌠#_.∩...'..._#
##_..__##_)#'#
#_____###'#%#
#########.####+###
+...'$$.@T+
#...####### ##(##
#+#


You could see a deep troll (confused).

Vanquished Creatures
  Sonja (D)
  A slime creature (D)
  Sigmund (D)
  A yak (D)
  An ogre (D)
  A jelly (D)
  Ijyb (D)
7 creatures vanquished.

Vanquished Creatures (others)
  A gargoyle (D)
1 creature vanquished.

Grand Total: 8 creatures vanquished

Notes
Turn   | Place    | Note
-------+----------+-------------------------------------------
     0 | D        | Nattfarinn the Vampire Enchanter began the quest for the
                  | Orb.
     0 | D        | Reached XP level 1. HP: 13/13 MP: 3/3
   801 | D        | Killed a gargoyle
  2152 | D        | Noticed Ijyb
  2206 | D        | Killed Ijyb
  2206 | D        | Reached skill level 7 in Stealth
  2206 | D        | Reached XP level 2. HP: 10/19 MP: 5/5
  2873 | D        | Noticed an ogre
  2876 | D        | Killed an ogre
  2876 | D        | Reached skill level 10 in Stealth
  2876 | D        | Reached skill level 10 in Hexes
  2876 | D        | Reached XP level 3. HP: 24/24 MP: 6/6
  2876 | D        | Reached XP level 4. HP: 30/30 MP: 7/7
  2881 | D        | Learned a level 3 spell: Confuse
  2885 | D        | Learned a level 3 spell: Tukima's Dance
  2886 | D        | Noticed Sigmund
  2889 | D        | Killed Sigmund
  2889 | D        | Reached skill level 12 in Stealth
  2889 | D        | Reached XP level 5. HP: 35/35 MP: 8/14
  2889 | D        | Reached XP level 6. HP: 41/41 MP: 8/15
  2950 | D        | Found a burning altar of Makhleb.
  2950 | D        | Found a viscous altar of Jiyva.
  2950 | D        | Found a shimmering altar of Xom.
  2950 | D        | Found a corrupted altar of Lugonu.
  2950 | D        | Noticed a slime creature
  2955 | D        | Killed a slime creature
  2955 | D        | Reached skill level 14 in Stealth
  2959 | D        | Found an ornate altar of the Wu Jian Council.
  2959 | D        | Found a deep blue altar of Sif Muna.
  2961 | D        | Found a radiant altar of Vehumet.
  2968 | D        | Found Weutikluat's General Store.
  2968 | D        | Found an ancient bone altar of Kikubaaqudgha.
  2968 | D        | Found a hazy altar of Hepliaklqana.
  2968 | D        | Found a stormy altar of Qazlal.
  2968 | D        | Found a hide-covered altar of Uskayaw.
  2968 | D        | Found a blossoming altar of Fedhas.
  2968 | D        | Found a bloodstained altar of Trog.
  2968 | D        | Found an iron altar of Okawaru.
  2968 | D        | Found a basalt altar of Yredelemnul.
  2968 | D        | Found a glowing golden altar of the Shining One.
  2968 | D        | Found a snail-covered altar of Cheibriados.
  2968 | D        | Found a sacrificial altar of Ru.
  2968 | D        | Found a glowing silver altar of Zin.
  2968 | D        | Found a shadowy altar of Dithmenos.
  2968 | D        | Found a white marble altar of Elyvilon.
  2968 | D        | Noticed a yak
  2969 | D        | Found an opulent altar of Gozag.
  2970 | D        | Killed a yak
  2970 | D        | Reached XP level 7. HP: 46/46 MP: 18/20
  2982 | D        | Found a sparkling altar of Nemelex Xobeh.
  2989 | D        | Became a worshipper of Dithmenos the Shadowed
  2999 | D        | Noticed Sonja
  3011 | D        | Killed Sonja
  3011 | D        | Reached skill level 16 in Stealth
  3011 | D        | Reached XP level 8. HP: 52/52 MP: 18/23
  3071 | D        | Noticed a deep troll
  3081 | D        | Slain by a deep troll

Skill      XL: |  1  2  3  4  5  6  7 |
---------------+----------------------+-----
Stealth        | 7 10 12 14 16 | 16.5
Hexes          | 7 10 | 10.1
Spellcasting   | 6 9 11 | 11.7
Short Blades   | |  1.1
Dodging        | |  2.1

Action                   |  1- 3 |  4- 6 |  7- 9 || total
-------------------------+-------+-------+-------++-------
Melee: Dagger            |    50 |     6 |     4 ||    60
       Bite              |     4 |       |     1 ||     5
       Short sword       |       |       |     3 ||     3
 Cast: Corona            |     2 |       |       ||     2
       Confuse           |       |       |     3 ||     3
  Use: Potion            |     3 |       |       ||     3
 Stab: Sleeping          |     1 |     4 |       ||     5
       Confused          |       |       |     1 ||     1
  Eat: Corpse            |     1 |       |       ||     1
Armor: Robe              |    10 |       |     1 ||    11
Dodge: Dodged            |    21 |     1 |     7 ||    29
